Cogmind - Beta 13 @@@ ROGUE MODE // 2024.05.03 @ 17:31:58 Player: luckinvolved Result: Destroyed by C-17 Slicer with Blade Saw Performance ------------- Evolutions (2) 1000 Regions Visited (9) 1800 Robots Destroyed (149) 745 Value Destroyed (5284) 5284 Prototype IDs (2) 40 Alien Tech Used (0) 0 Bonus (2581) 2581 TOTAL SCORE: 11450 Bonus ------- High Alert Combat Kills 486 Follower Combat Kills 195 Entered Garrisons 400 Used RIF Installer 1500 Cogmind --------- Core Integrity 0/550 Matter 2/300 Energy 150/150 System Corruption 3% Temperature Cool (0) Movement Treading (480) Ox4 Location -8/Garrison Parts ------- > --- POWER (1) -------- Light Angular Momentum Engine > --- PROPULSION (4) --- Improved Treads > --- UTILITY (4) ------ Improved Heat Sink Huge Storage Unit Hardened Medium Armor Plating > --- WEAPON (2) ------- Flak Cannon Scythe > --- INVENTORY (25) --- Improved Ion Engine Heat Sink Signal Interpreter Improved Signal Interpreter Advanced Terrain Scan Processor Advanced Terrain Scan Processor Improved Light Armor Plating Relay Coupler [Grunt] (33) Relay Coupler [Brawler] (37) Relay Coupler [Sentry] (30) Relay Coupler [Sentry] (24) Long-range Tractor Beam Flak Cannon Missile Launcher Missile Launcher Peak State ------------ > --- POWER ------------ Fission Core > --- PROPULSION ------- Improved Treads Armored Treads Advanced Treads Advanced Treads > --- UTILITY ---------- Huge Storage Unit Improved Light Armor Plating Relay Coupler [Grunt] Relay Coupler [Sentry] > --- WEAPON ----------- Enhanced Autogun Enhanced Autogun > --- INVENTORY -------- Improved Ion Engine Light Deuterium Engine Light Treads Light Treads Light Treads Light Treads Light Treads Improved Treads Signal Interpreter Improved Signal Interpreter Advanced Terrain Scan Processor Advanced Terrain Scan Processor Improved Utility Shielding System Shield Relay Coupler [Sentry] Long-range Tractor Beam Heavy Assault Rifle Flak Cannon Flak Cannon Bore Cannon Missile Launcher Missile Launcher Scythe [Rating: 40] Favorites ----------- Power Improved Ion Engine Engine Improved Ion Engine Power Core Light Nuclear Core Propulsion Armored Treads Treads Armored Treads Hover Unit Hover Unit Flight Unit Improved VTOL Module Utility Light Armor Plating Device Hardlight Generator Storage Large Storage Unit Processor Signal Interpreter Hackware Relay Coupler [Grunt] Protection Light Armor Plating Weapon Enhanced Autogun Energy Gun Small Laser Ballistic Gun Enhanced Autogun Ballistic Cannon Flak Cannon Launcher Missile Launcher Slashing Weapon Scythe Special Melee Weapon Datajack Build | -11 -10 -9 -9 -9 -8 -8 -8 -8 -8 ------- Run | Yrd Mat Mat Min Exi Min Mat Gar Mat Gar Slots Evolved 4 | . . 2 . . . 2 . . . Power . | . . . . . . . . . . Propulsion 2 | . . 1 . . . 1 . . . Utility 2 | . . 1 . . . 1 . . . Weapon . | . . . . . . . . . . Parts Attached 132 | 6 6 38 . 1 2 12 19 40 8 Power 17 | 1 1 3 . 1 1 2 1 6 1 Engine 11 | 1 1 3 . 1 . 2 . 2 1 Core 6 | . . . . . 1 . 1 4 . Reactor . | . . . . . . . . . . Propulsion 34 | 2 . 13 . . . 3 4 12 . Treads 32 | 2 . 13 . . . 2 4 11 . Leg . | . . . . . . . . . . Wheel . | . . . . . . . . . . Hover 1 | . . . . . . . . 1 . Flight 1 | . . . . . . 1 . . . Utility 47 | 1 2 16 . . 1 2 6 14 5 Device 9 | . . 2 . . . 1 2 3 1 Storage 5 | 1 2 1 . . . . . 1 . Processor 2 | . . 2 . . . . . . . Hackware 3 | . . . . . . . 2 . 1 Protection 28 | . . 11 . . 1 1 2 10 3 Artifact . | . . . . . . . . . . Weapon 34 | 2 3 6 . . . 5 8 8 2 Energy Gun 2 | 1 . 1 . . . . . . . Energy Cannon . | . . . . . . . . . . Ballistic Gun 19 | 1 3 5 . . . 2 4 4 . Ballistic Cannon 4 | . . . . . . . . 3 1 Launcher 6 | . . . . . . 3 2 1 . Special Weapon . | . . . . . . . . . . Impact Weapon . | . . . . . . . . . . Slashing Weapon 2 | . . . . . . . 1 . 1 Piercing Weapon . | . . . . . . . . . . Special Melee Weapon 1 | . . . . . . . 1 . . Unidentified Prototypes 2 | . . 1 . . . 1 . . . Parts Lost 45 | . 1 11 . . 2 . 11 19 1 Power 8 | . . 3 . . 1 . 1 3 . Propulsion 16 | . . 4 . . . . 4 8 . Utility 14 | . . 4 . . 1 . 4 4 1 Weapon 7 | . 1 . . . . . 2 4 . Highest Loss Streak 5 | . 1 3 . . 2 . 4 5 1 To Critical Strikes 1 | . . 1 . . . . . . . Average Slot Usage (%) 95 | . 85 97 100 100 98 98 97 98 81 Engine 7 | . 14 10 11 11 . 5 6 2 9 Core 2 | . . . . . 9 3 2 6 . Treads 32 | . 28 31 33 33 33 34 36 35 18 Device 1 | . . 1 . . . 5 3 . 2 Storage 10 | . 14 11 11 11 11 9 9 9 9 Hackware 4 | . . . . . . . 10 13 . Protection 14 | . . 19 22 22 21 21 11 11 24 Ballistic Gun 18 | . 23 21 22 22 22 17 12 15 . Ballistic Cannon 1 | . . . . . . . . 1 12 Naked Turns . | . . . . . . . . . . Heaviest Build 115 | 10 29 41 41 41 41 50 56 111 115 Greatest Support 87 | 40 40 63 60 60 60 80 84 87 43 Greatest Overweight (x) 2 | 2 . . . . . . . 2 2 Average Overweight (x) . | . . . . . . . . . 2 Largest Inventory Capacity 25 | 8 15 15 15 15 15 15 15 25 25 Average Capacity 17 | 7 10 15 15 15 15 15 15 24 25 Most Carried 25 | 2 14 15 15 15 15 15 15 25 16 Average Carried 15 | . 8 14 15 15 14 14 14 23 14 Final Capacity 25 | 8 15 15 15 15 15 15 15 25 25 Final Carried 16 | 2 14 15 15 15 15 15 15 16 15 Class Distribution -------------------- 71% | Mutant 28% | Scavenger-Mutant Dominant Class ---------------- Mutant | -10/Materials Scavenger-Mutant | -9/Materials Mutant | -9/Mines Mutant | -9/Exiles Mutant | -8/Mines Mutant | -8/Materials Mutant | -8/Garrison Mutant | -8/Materials Mutant | -8/Garrison Resources | -11 -10 -9 -9 -9 -8 -8 -8 -8 -8 ----------- Run | Yrd Mat Mat Min Exi Min Mat Gar Mat Gar Matter Collected 4267 | 200 415 1201 143 . 84 249 721 1200 54 Remotely 280 | . . . . . . . . 280 . Salvage Created 5676 | . 844 1933 116 . 193 253 715 1568 54 Parts 339 | . 59 117 8 . 13 15 40 85 2 Haulers Intercepted 4 | . 2 1 . . . . . 1 . Recyclers Shooed 8 | . . 6 1 . . 1 . . . Parts Field Recycled . | . . . . . . . . . . Retrieved Matter . | . . . . . . . . . . Parts Self-Destructed . | . . . . . . . . . . Prevented . | . . . . . . . . . . Kills | -11 -10 -9 -9 -9 -8 -8 -8 -8 -8 ------- Run | Yrd Mat Mat Min Exi Min Mat Gar Mat Gar Combat Hostiles Destroyed 133 | . 23 37 8 . 5 6 19 33 2 Melee 2 | . . . . . . . 1 . 1 Guns 111 | . 23 37 8 . 5 3 12 23 . Cannons 11 | . . . . . . . . 10 1 AOE 9 | . . . . . . 3 6 . . Classes Destroyed 15 | . 4 4 1 . . 1 1 4 . Worker 1 | . . . . . . . . 1 . Builder 1 | . . . . . . . . 1 . Hauler 4 | . 2 1 . . . . . 1 . Recycler 3 | . . 2 . . . . . 1 . Watcher 9 | . 2 4 . . . 2 . 1 . Swarmer 29 | . 9 3 6 . 2 3 2 4 . Cutter 2 | . . . . . . . . 2 . Grunt 66 | . 14 22 . . 3 1 9 16 1 Brawler 1 | . . 1 . . . . . . . Duelist 1 | . . 1 . . . . . . . Sentry 27 | . . 10 . . . 1 6 9 1 Hunter 2 | . . . . . . 1 . 1 . Programmer 1 | . . . . . . . 1 . . Heavy 1 | . . . . . . . . 1 . Assembled 2 | . . . 2 . . . . . . Butcher 1 | . . . . . . . 1 . . Best Kill Streak 8 | . 5 6 3 . 3 3 5 8 1 Combat Bots Only 5 | . 5 5 3 . 3 3 5 5 1 Max Kills in Single Turn 3 | . 1 1 1 . 1 3 2 2 1 Gunslinging . | . . . . . . . . . . Exploded 3 | . . . . . . 3 2 . . Melee 1 | . . . . . . . 1 . 1 Uniques/NPCs Destroyed . | . . . . . . . . . . Combat | -11 -10 -9 -9 -9 -8 -8 -8 -8 -8 -------- Run | Yrd Mat Mat Min Exi Min Mat Gar Mat Gar Hostile Shots Fired 786 | . 96 189 30 . 30 22 140 251 28 Missed 206 | . 29 49 4 . 8 9 39 61 7 Damage Taken 8552 | . 641 1819 301 . 329 198 1472 3409 383 Core 1011 | . 175 254 12 . 15 14 126 350 65 Absorbed by Shields 64 | . . . . . . 8 56 . . Core Remaining (%) 53 | 100 30 . . . 29 . . . . Volleys Fired 422 | . 67 124 19 . 18 18 50 117 9 Largest 2 | . 2 2 2 . 2 2 2 2 2 Hottest 101 | . 60 79 48 . 48 72 72 101 88 Shots Fired 814 | . 134 245 37 . 36 36 83 232 11 Gun 728 | . 134 245 37 . 36 32 75 169 . Cannon 74 | . . . . . . . . 63 11 Launcher 12 | . . . . . . 4 8 . . Special . | . . . . . . . . . . Kinetic 772 | . 111 238 37 . 36 32 75 232 11 Thermal 30 | . 23 7 . . . . . . . Explosive 12 | . . . . . . 4 8 . . Electromagnetic . | . . . . . . . . . . Robot Hit Streak 23 | . 23 10 10 . 7 10 19 13 9 Robot Miss Streak 8 | . 5 3 3 . 2 7 3 8 4 Penetration Max 1 | . . . . . . . . 1 . Secondary Targets 17 | . 4 7 1 . 1 . 2 2 . Max Gunslinging Chain 1 | . 1 1 1 . 1 . 1 1 . Shots Hit Robots 557 | . 83 178 23 . 25 21 56 160 11 Core Hits 282 | . 42 69 9 . 10 16 34 96 6 Critical Kills 7 | . . 1 . . . . . 6 . Critical Parts Destroyed 4 | . . 1 . . . . . 3 . Critical Strikes 11 | . . 2 . . . . . 9 . Destroy 11 | . . 2 . . . . . 9 . Melee Attacks 15 | . . . . . . . 7 . 8 Impact . | . . . . . . . . . . Slashing 14 | . . . . . . . 6 . 8 Piercing . | . . . . . . . . . . Sneak Attacks 1 | . . . . . . . 1 . . Combat Hostiles . | . . . . . . . . . . Follow-up Attacks . | . . . . . . . . . . Damage Inflicted 10050 | . 978 2677 369 . 443 559 1601 3157 266 Guns 7698 | . 978 2677 369 . 443 317 868 2046 . Cannons 1283 | . . . . . . . . 1111 172 Explosions 927 | . . . . . . 242 685 . . Melee 142 | . . . . . . . 48 . 94 Ramming . | . . . . . . . . . . Kinetic 8817 | . 843 2648 369 . 443 317 868 3157 172 Thermal 164 | . 135 29 . . . . . . . Explosive 927 | . . . . . . 242 685 . . Electromagnetic . | . . . . . . . . . . Impact . | . . . . . . . . . . Slashing 142 | . . . . . . . 48 . 94 Piercing . | . . . . . . . . . . Highest Corruption 9 | . 1 9 9 9 9 . 3 3 3 Average Corruption 5 | . 1 9 9 9 9 . 2 3 3 Corruption Purged . | . . . . . . . . . . Corruption Blocked . | . . . . . . . . . . Effects 199 | . 5 77 32 6 14 . 14 41 10 Message Errors 49 | . 1 21 6 2 2 . 4 11 2 Matter Fused 37 | . 2 16 6 . 4 . 1 7 1 Heat Flow Errors 22 | . 1 6 3 1 1 . 4 4 2 Energy Discharges 26 | . . 10 5 1 2 . . 7 1 Parts Rejected 3 | . . 3 . . . . . . . Parts Fused 3 | . . 2 1 . . . . . . Data Loss (minor) 26 | . 1 5 7 2 3 . 1 4 3 Data Loss (major) 13 | . . 4 2 . 1 . 2 3 1 Misfires 5 | . . 3 . . . . . 2 . Alerts 5 | . . 1 1 . 1 . 1 1 . Weapon Failures 10 | . . 6 1 . . . 1 2 . Overload Shots . | . . . . . . . . . . Overflow Damage 27 | . . . . . . 1 25 . 1 Projectiles . | . . . . . . . . . . Explosions 26 | . . . . . . 1 25 . . Melee 1 | . . . . . . . . . 1 Knockbacks 41 | . . . . . . . . 38 3 Impact . | . . . . . . . . . . Kinetic 39 | . . . . . . . . 36 3 Secondary 2 | . . . . . . . . 2 . Self-Inflicted Damage 30 | . . . . . . . 30 . . Shots 1 | . . . . . . . 1 . . Rammed . | . . . . . . . . . . Targets Rammed . | . . . . . . . . . . Kicked . | . . . . . . . . . . Crushed . | . . . . . . . . . . Highest Temperature 388 | . 130 277 282 228 207 125 258 388 275 Average Temperature 68 | . 31 70 60 197 90 40 66 70 99 Received Heat Transfer 3017 | . 216 705 . . 171 18 530 1188 189 Effects 1 | . . . . . . . . 1 . Shutdowns 1 | . . . . . . . . 1 . Siege Activations . | . . . . . . . . . . Robots Corrupted . | . . . . . . . . . . Combat Hostiles . | . . . . . . . . . . Parts Fried . | . . . . . . . . . . Impact Corruptions . | . . . . . . . . . . Robots Melted . | . . . . . . . . . . Combat Hostiles . | . . . . . . . . . . Parts Melted . | . . . . . . . . . . Heat Transferred 374 | . 300 74 . . . . . . . Parts Sabotaged . | . . . . . . . . . . Parts Stolen . | . . . . . . . . . . Parts Stripped . | . . . . . . . . . . Power Chain Reactions . | . . . . . . . . . . Alert | -11 -10 -9 -9 -9 -8 -8 -8 -8 -8 ------- Run | Yrd Mat Mat Min Exi Min Mat Gar Mat Gar Peak Influence 757 | . 330 744 489 . 115 264 618 757 615 Initial 485 | . . 119 289 . . 44 90 300 485 Average 357 | . 186 432 325 . 75 135 420 432 571 Maximum Alert Level 3 | . 1 3 2 . . 1 2 3 2 Low Security (%) 19 | 100 44 6 15 . 100 65 15 . . Level 1 39 | . 55 38 58 . . 34 21 48 . Level 2 38 | . . 52 25 . . . 62 46 100 Level 3 1 | . . 2 . . . . . 5 . Level 4 . | . . . . . . . . . . Level 5 . | . . . . . . . . . . High Security . | . . . . . . . . . . Max Security . | . . . . . . . . . . Squads Dispatched 24 | . 8 6 . . . 1 . 9 . Investigation 13 | . 6 4 . . . 1 . 2 . Extermination . | . . . . . . . . . . Reinforcement 8 | . 2 2 . . . . . 4 . Assault . | . . . . . . . . . . Garrison 3 | . . . . . . . . 3 . Intercept . | . . . . . . . . . . Searches Triggered . | . . . . . . . . . . Construction Impeded 1 | . . . . . . . . 1 . Haulers Reinforced . | . . . . . . . . . . Active Scanning Responses . | . . . . . . . . . . Cargo Convoy Interrupts . | . . . . . . . . . . Stealth | -11 -10 -9 -9 -9 -8 -8 -8 -8 -8 --------- Run | Yrd Mat Mat Min Exi Min Mat Gar Mat Gar Distress Signals 14 | . 2 4 . . . 1 . 7 . Communications Jammed . | . . . . . . . . . . Distress Signals . | . . . . . . . . . . Times Spotted 204 | . 30 58 13 . 6 12 23 57 5 Peak Tracking Total 6 | . 3 5 4 . 3 4 5 6 5 Tactical Retreats 10 | . 1 1 3 . 1 . 2 2 . Traps | -11 -10 -9 -9 -9 -8 -8 -8 -8 -8 ------- Run | Yrd Mat Mat Min Exi Min Mat Gar Mat Gar Traps Triggered 10 | . 3 2 . . . . 1 . 4 Indirectly . | . . . . . . . . . . Trap Hack Attempts 1 | . . . . . . . 1 . . Triggered . | . . . . . . . . . . Disarmed . | . . . . . . . . . . Reprogrammed . | . . . . . . . . . . Reused . | . . . . . . . . . . Traps Extracted . | . . . . . . . . . . Installed . | . . . . . . . . . . Triggered . | . . . . . . . . . . Machines | -11 -10 -9 -9 -9 -8 -8 -8 -8 -8 ---------- Run | Yrd Mat Mat Min Exi Min Mat Gar Mat Gar Machines Disabled 13 | . . 3 1 . . 1 2 5 1 Max in Single Turn 1 | . . 1 1 . . 1 1 1 1 Garrison Relay 2 | . . . . . . . 1 . 1 Machines Repaired . | . . . . . . . . . . Machines Dismantled . | . . . . . . . . . . Machines Sabotaged . | . . . . . . . . . . Overloaded Fab Kills . | . . . . . . . . . . Hacking | -11 -10 -9 -9 -9 -8 -8 -8 -8 -8 --------- Run | Yrd Mat Mat Min Exi Min Mat Gar Mat Gar Machines Accessed 36 | . 7 9 . . . 5 2 12 1 Terminals 27 | . 5 7 . . . 3 2 9 1 Fabricators . | . . . . . . . . . . Repair Stations . | . . . . . . . . . . Recycling Units 7 | . 2 2 . . . 1 . 2 . Scanalyzers . | . . . . . . . . . . Garrison Access 2 | . . . . . . 1 . 1 . Total Hacks 73 | . 19 17 . . . 9 4 19 5 Successful 36 | . 10 10 . . . 4 1 11 . Failed 35 | . 8 7 . . . 5 3 7 5 Catastrophic 6 | . 2 . . . . . 1 . 3 Database Lockouts 2 | . 1 . . . . . . 1 . Manual 62 | . 19 17 . . . 7 . 19 . Terminals 62 | . 17 15 . . . 6 4 15 5 Fabricators . | . . . . . . . . . . Repair Stations . | . . . . . . . . . . Recycling Units 9 | . 2 2 . . . 2 . 3 . Scanalyzers . | . . . . . . . . . . Garrison Access 2 | . . . . . . 1 . 1 . Terminal Hacks 7 | . 3 1 . . . . 1 2 . Part Schematic 1 | . . 1 . . . . . . . Robot Analysis 3 | . 2 . . . . . . 1 . Emergency Access Points 1 | . . . . . . . 1 . . Garrison Index 1 | . . . . . . . . 1 . Registered Components 1 | . 1 . . . . . . . . Fabricator Hacks . | . . . . . . . . . . Repair Station Hacks . | . . . . . . . . . . Recycling Unit Hacks 1 | . . . . . . 1 . . . Report Inventory 1 | . . . . . . 1 . . . Scanalyzer . | . . . . . . . . . . Garrison Access Hacks 2 | . . . . . . 1 . 1 . Unlock Access 2 | . . . . . . 1 . 1 . Unauthorized Hacks 26 | . 7 9 . . . 2 . 8 . Terminals 19 | . 5 7 . . . 1 . 6 . Botnet 19 | . 5 7 . . . 1 . 6 . Fabricators . | . . . . . . . . . . Repair Stations . | . . . . . . . . . . Recycling Units 7 | . 2 2 . . . 1 . 2 . Tunnel 7 | . 2 2 . . . 1 . 2 . Scanalyzers . | . . . . . . . . . . Garrison Access . | . . . . . . . . . . Data Cores Recovered . | . . . . . . . . . . Used . | . . . . . . . . . . Hacking Detections 24 | . 5 5 . . . 3 2 8 1 Full Trace Events 7 | . 4 1 . . . . 1 . 1 Feedback Events 1 | . 1 . . . . . . . . Corruption 1 | . 1 . . . . . . . . Feedback Blocked . | . . . . . . . . . . Robot Schematics Acquired . | . . . . . . . . . . Robots Built . | . . . . . . . . . . Authchips . | . . . . . . . . . . Time . | . . . . . . . . . . Total Robot Build Rating . | . . . . . . . . . . Part Schematics Acquired 1 | . . 1 . . . . . . . Parts Built . | . . . . . . . . . . Authchips . | . . . . . . . . . . Time . | . . . . . . . . . . Total Part Build Rating . | . . . . . . . . . . Parts Repaired . | . . . . . . . . . . Time . | . . . . . . . . . . Parts Recycled . | . . . . . . . . . . Recycled Matter . | . . . . . . . . . . Retrieved Matter . | . . . . . . . . . . Retrieved Components . | . . . . . . . . . . Parts Scanalyzed . | . . . . . . . . . . Part Schematics Acquired . | . . . . . . . . . . Parts Damaged . | . . . . . . . . . . Bothacking | -11 -10 -9 -9 -9 -8 -8 -8 -8 -8 ------------ Run | Yrd Mat Mat Min Exi Min Mat Gar Mat Gar Used RIF Installer 3 | . . . . . . . 2 . 1 Coupler Efficiency 1 | . . . . . . . . . 1 Signal Jammer 1 | . . . . . . . 1 . . Robots Hacked 1 | . . . . . . . 1 . . Non-combat . | . . . . . . . . . . Combat 1 | . . . . . . . 1 . . Robot Hacks Applied 1 | . . . . . . . 1 . . formatsys_high 1 | . . . . . . . 1 . . Relay Couplers Released 12 | . . . . . . . 9 . 3 Machine Destruction 8 | . . . . . . . 5 . 3 Programmers 4 | . . . . . . . 4 . . Attached 2 | . . . . . . . 2 . . Fabnet Peak Effective % . | . . . . . . . . . . Robots Rewired 3 | . . . . . . . 3 . . Allies Hacked . | . . . . . . . . . . Hacks Repelled . | . . . . . . . . . . Allies | -11 -10 -9 -9 -9 -8 -8 -8 -8 -8 -------- Run | Yrd Mat Mat Min Exi Min Mat Gar Mat Gar Total Allies 4 | . . . . . . . 4 . . Largest Group 3 | . . . . . . . 3 3 . Highest-Rated Group 101 | . . . . . . . 101 101 . Highest-Rated Ally 39 | . . . . . . . 39 39 . Total Orders . | . . . . . . . . . . Ally Attacks 47 | . . . . . . . 12 35 . Total Damage 726 | . . . . . . . 212 514 . Kills 8 | . . . . . . . 2 6 . Allies Corrupted . | . . . . . . . . . . Allies Melted . | . . . . . . . . . . Intel | -11 -10 -9 -9 -9 -8 -8 -8 -8 -8 ------- Run | Yrd Mat Mat Min Exi Min Mat Gar Mat Gar Robot Analysis Total 3 | . 2 . . . . . . 1 . Derelict Logs Recovered 1 | . . . 1 . . . . . . Drone Launches . | . . . . . . . . . . Drone Recoveries . | . . . . . . . . . . Exploration | -11 -10 -9 -9 -9 -8 -8 -8 -8 -8 ------------- Run | Yrd Mat Mat Min Exi Min Mat Gar Mat Gar Turns Passed 10157 | 85 1359 2302 943 274 380 639 1150 2520 505 Spaces Moved 4528 | 50 664 1069 523 161 178 307 585 854 137 Core 8 | 8 . . . . . . . . . Treads 4520 | 42 664 1069 523 161 178 307 585 854 137 Legs . | . . . . . . . . . . Wheels . | . . . . . . . . . . Hover . | . . . . . . . . . . Flight . | . . . . . . . . . . Fastest Speed 50 | 50 160 160 170 170 170 167 155 155 320 Average Speed 181 | 150 160 161 170 170 170 167 158 233 320 Slowest Speed 320 | 160 160 170 170 170 170 170 167 320 320 Overloaded Moves . | . . . . . . . . . . Propulsion Burnouts . | . . . . . . . . . . Robots Hopped . | . . . . . . . . . . Cave-ins Triggered . | . . . . . . . . . . Exploration Rate (%) 58 | 3 96 96 98 52 50 25 75 76 18 Regions Visited 9 Branch Regions 3 Pre-discovered Areas 8 | . 2 2 1 . . 1 . 2 . Known Exits Taken 3 | . . . . . 1 1 . 1 . Unknown Exits Taken 5 | 1 1 1 1 1 . . . . . Scrap Searched 1 | . . . 1 . . . . . . Spaces Dug . | . . . . . . . . . . Terrain Destroyed 50 | . . . . . . 9 23 18 . Melee . | . . . . . . . . . . Projectile 18 | . . . . . . . . 18 . AOE 32 | . . . . . . 9 23 . . Terrain Rammed . | . . . . . . . . . . Walls Destroyed . | . . . . . . . . . . Machines Disabled . | . . . . . . . . . . Actions | -11 -10 -9 -9 -9 -8 -8 -8 -8 -8 --------- Run | Yrd Mat Mat Min Exi Min Mat Gar Mat Gar Total 5769 | 57 834 1413 547 162 226 407 741 1203 179 Wait 475 | . 69 129 6 . 28 58 37 141 7 Move 4520 | 49 663 1068 522 160 177 306 584 854 137 Hop . | . . . . . . . . . . Pick Up 88 | 2 19 23 . . 1 5 8 27 3 Fast Attach 59 | 6 4 20 . 1 1 4 6 17 . Attach 44 | . 1 12 . . 1 3 7 16 4 Detach 4 | . . 2 . . . 1 . 1 . Swap 29 | . 1 6 . . . 5 6 7 4 Drop 74 | . 10 29 . 1 . 7 3 23 1 Fire 422 | . 67 124 19 . 18 18 50 117 9 Melee 15 | . . . . . . . 7 . 8 Ram . | . . . . . . . . . . Kick . | . . . . . . . . . . Crush . | . . . . . . . . . . Escape Stasis 6 | . . . . . . . . . 6 Rewire 32 | . . . . . . . 32 . . Trap 1 | . . . . . . . 1 . . Miscellaneous . | . . . . . . . . . . Route ------- -11/Scrapyard -10/Materials (discovered 4 exits: *Mat x3 / [*Min]) -9/Materials (discovered 5 exits: *Mat x3 / [*Min x2]) -9/Mines (discovered 3 exits: *Mat x2 / [*Exi]) -9/Exiles -8/Mines -8/Materials -8/Garrison (discovered 3 exits: *Mat x3) -8/Materials (discovered 5 exits: [*Fac x2] / [*Sto x2] / Gar) -8/Garrison History --------- Turn | Location | Event 15 | -11/Scrapyard | Discovered new exit (range 16) 86 | -11/Scrapyard | Entered Materials 312 | -10/Materials | Discovered new exit (range 16) 315 | -10/Materials | Build established: Mutant 453 | -10/Materials | Discovered new exit (range 10) 459 | -10/Materials | Central database locked down 886 | -10/Materials | Core integrity fell below 50% 917 | -10/Materials | Discovered new exit (range 11) 1405 | -10/Materials | Discovered new exit (range 8) 1445 | -10/Materials | Entered another Materials area 1445 | -9/Materials | Evolved 2 slots: Propulsion x1, Utility x1 1665 | -9/Materials | Lost 3 parts (1p2n) 1952 | -9/Materials | Discovered new exit (range 10) 2000 | -9/Materials | Build established: Scavenger-Mutant 2008 | -9/Materials | Identified exit to Materials 2323 | -9/Materials | Discovered new exit (range 14) 2364 | -9/Materials | Discovered new exit (range 16) 3054 | -9/Materials | Discovered exit to Materials (range 15) 3258 | -9/Materials | Core integrity fell below 50% 3307 | -9/Materials | Discovered exit to Materials (range 16) 3391 | -9/Materials | Lost 3 parts (1p2n) 3724 | -9/Materials | Build established: Mutant 3747 | -9/Materials | Entered Mines 3748 | -9/Mines | Assembled infested the area 3920 | -9/Mines | Discovered exit to Materials (range 9) 3995 | -9/Mines | Discovered exit to Materials (range 13) 4281 | -9/Mines | Learned location of Zion (-6) 4303 | -9/Mines | Found a hidden stash of uninstalled traps 4683 | -9/Mines | Deemed a non-threat by the Exiles lab entrance 4683 | -9/Mines | Discovered new exit (range 5) 4690 | -9/Mines | Entered Exiles 4733 | -9/Exiles | Met 8R-AWN 4772 | -9/Exiles | Met EX-HEX 4825 | -9/Exiles | Met EX-BIN 4851 | -9/Exiles | Met EX-DEC 4944 | -9/Exiles | Discovered new exit (range 14) 4964 | -9/Exiles | Entered Mines 5320 | -8/Mines | Discovered exit to Materials (range 14) 5344 | -8/Mines | Entered Materials 5344 | -8/Materials | Evolved 2 slots: Propulsion x1, Utility x1 5979 | -8/Materials | Identified exit to Garrison 5983 | -8/Materials | Entered Garrison 6033 | -8/Garrison | Triggered checkpoint 6166 | -8/Garrison | Triggered checkpoint 6175 | -8/Garrison | Triggered checkpoint 6247 | -8/Garrison | Lost 4 parts (3u1w) 6334 | -8/Garrison | Lost 4 parts (3n1u) 6403 | -8/Garrison | Triggered checkpoint 6436 | -8/Garrison | Installed Relay Interface Framework 6469 | -8/Garrison | Garrison Relay disabled 6539 | -8/Garrison | Discovered new exit (range 10) 6669 | -8/Garrison | Triggered checkpoint 6722 | -8/Garrison | Discovered new exit (range 12) 7026 | -8/Garrison | Discovered new exit (range 14) 7081 | -8/Garrison | Expanded RIF knowledge: Signal Jamming 7091 | -8/Garrison | Triggered checkpoint 7133 | -8/Garrison | Entered Materials 7133 | -8/Materials | Accompanied by 3 allies 7292 | -8/Materials | Discovered new exit (range 13) 7436 | -8/Materials | Discovered new exit (range 10) 7913 | -8/Materials | Build established: Scavenger-Mutant 8298 | -8/Materials | Lost 3 parts (1p1u1w) 8486 | -8/Materials | Build established: Mutant 8646 | -8/Materials | Discovered new exit (range 6) 9022 | -8/Materials | Discovered new exit (range 12) 9041 | -8/Materials | Central database locked down 9165 | -8/Materials | Core integrity fell below 50% 9443 | -8/Materials | Garrison activated, responded to threat 9524 | -8/Materials | Core integrity fell below 20% 9532 | -8/Materials | Lost 5 parts (1p4n) 9653 | -8/Materials | Identified exit to Garrison 9653 | -8/Materials | Entered Garrison 9675 | -8/Garrison | Lost 4 parts (1p2n1w) 9830 | -8/Garrison | Expanded RIF knowledge: Coupler Efficiency 9877 | -8/Garrison | Garrison Relay disabled 10149 | -8/Garrison | Triggered checkpoint 10158 | -8/Garrison | Destroyed by C-17 Slicer with Blade Saw Last Messages --------------- 10069_ Field strength at 40. 10070_ Field strength at 10. 10071_ Stasis field depleted. 10071_ Triggered Stasis Trap. 10071_ A bubble of rippling energy engulfs the area. 10071_ Field strength at 70. 10074_ Field strength at 40. 10075_ Field strength at 10. 10076_ System corrupted: Energy discharge (-37). 10076_ Stasis field depleted. 10104_ System corrupted: Component data lost. 10108_ Triggered Stasis Trap. 10108_ A bubble of rippling energy engulfs the area. 10108_ Field strength at 70. 10111_ Field strength at 40. 10112_ Field strength at 10. 10113_ Stasis field depleted. 10149_ C-17 Slicer knocked back. 10155_ Imp. Light Armor Plating severed. 10156_ Lgt. Treads severed. Map ----- +----------------------------------------------------+ | ?????????????????????????????????????????????????? | | ?????????????????????????????????????????????????? | | ?????????????????????????????????????????????????? | | ?????????????????????????????????????????????????? | | ?????????????????????????????????????????????????? | | ?????????????????????????????????????????????????? | | ?????????????????????????????????????????????????? | | ?????????????????????????????????????????????????? | | ?????????????????????????????????????????????????? | | ????????????????????????# #?????????????????????? | | ???????????????????????? ?????????????????????? | | ???????????????????????# ?????????????????????? | | ???????????????????????# ?????????????????????? | | ???????????????????????# #???????? ????????????? | | ??????????????????????## ##??? ## ????????????? | | ?????????????????????? ?? ???????????? | | ?????????????????????? ??? ???????????? | | ??????????????????????? ?? ?????????????? | | ??????????????????????? ?? ??????????????? | | ???????????????????????# #? #??? #??????????? | | ?????????????########### ## ## ##?????????? | | ?????????????# ! ??????????? | | ?????????????# ??????????????? | | ?????????????# ######## ?????????????????? | | ?????????????# #???????#cc#?????????????????????? | | ??????????#### #???????#@ #?????????????????????? | | ???########T## #???????#c #?????????????????????? | | ???# ! #???????+ #?????????????????????? | | ?### ######### #???????# #?????????????????????? | | ?# #???????# #???????# #?????????????????????? | | ?# #???????# ######### #?????????????????????? | | ?# #???????# ^ #?????????????????????? | | ?### #???????# #?????????????????????? | | ???# #???????# ############?????????????????????? | | ???# #???????# #????????????????????????????????? | | #### ######??# #????????????????????????????????? | | #??# #????????????????????????????????? | | ###### ##??# #????????????????????????????????? | | ????# #??# #????????????????????????????????? | | ????#######??# #????????????????????????????????? | | ?????????????# #????????????????????????????????? | | ?????????????# #????????????????????????????????? | | ?????????????# #????????????????????????????????? | | ????########## #????????????????????????????????? | | ????# #????????????????????????????????? | | ????# #????????????????????????????????? | | ????# #########????????????????????????????????? | | ????# #????????????????????????????????????????? | | ????#####????????????????????????????????????????? | | ?????????????????????????????????????????????????? | +----------------------------------------------------+ Best States ------------- Heat Dissipation 59 Energy Generation 18 Energy Capacity 310 Matter Stores 300 Matter Capacity 300 Sight Range 16 Terrain Scan Density 110 Armor Coverage 525 Evasion (%) 40 Recoil Reduction 4 Particle Charging 15 Relay Coupler Types 2 Relay Coupler Value 40 Item Schematics ----------------- Huge Storage Unit | -9/Materials | Hacked Robot Schematics ------------------ None Fabricated ------------ Nothing Alien Tech Used ----------------- None Achievements -------------- None Challenges ------------ None Game ------ Seed MagneticSensorTube Manual? 0 Play Time 01:00:36 Cumulative 75.0 hours Start 2024.05.03 @ 16:33:53 End 2024.05.03 @ 17:31:58 Sessions 1 Manual Loads 0 Difficulty Rogue Special Mode None Game No. 109 Rogue 104 Adventurer 5 Explorer 0 Win Type - Total 2 Types 1/0/0/1/0/0/0/0/0 Lore% 40 Gallery% 60 Achievement% 47 Wizard Run 0 Options --------- Layout 0 ASCII 0 Keyboard 0 Movement Mouse Keybinds 0 Fullscreen 1 Font 24/Smallcaps Map View 76x50 Zoom Use 14% Tactical HUD 1 Map Filters NONE Filters NONE Steam 1 RUN: 3ec6c1ed-4a36-4a72-b137-3dddbd3bd94f